 Dungeon Crawl Stone Soup version 0.31-a0-1612-g4aaf141004 (webtiles) character file.

Game seed: 5198560180471106725

150833 farilari the Skirmisher (level 16, -9/75 HPs)
             Began as a Spriggan Delver on Jan 9, 2024.
             Was the Champion of Hepliaklqana.
             Killed from afar by a manticore (20 damage)
             ... with a volley of spikes
             ... on level 4 of the Shoals.
             The game lasted 01:45:25 (28926 turns).

farilari the Skirmisher (Spriggan Delver)          Turns: 28926, Time: 01:45:26

Health: -9/75      AC:  7    Str:  8    XL:     16   Next: 76%
Magic:  0/31       EV: 25    Int: 20    God:    Hepliaklqana [******]
Gold:   790        SH:  0    Dex: 18    Spells: 23/35 levels left

rFire   . . .        a - +2 orcbow (drain)
rCold   . . .        (shield currently unavailable)
rNeg    . . .        w - +0 acid dragon scales
rPois   .            (helmet currently unavailable)
rElec   .            (cloak currently unavailable)
rCorr   +            (gloves unavailable)
SInv    +            (boots unavailable)
Will    +++..        p - amulet of guardian spirit
Stlth   ++++         D - ring "Lunn" {Will+ rCorr Int+2 Slay+4}
HPRegen 0.32/turn    G - ring of flight
MPRegen 0.22/turn

%: guardian spirit
@: beast-form, spiked, flying, very quick
A: beast (slay +4), reduced essence, very small, no large weapons, unfitting
armour, see invisible, speed 3
a: Begin Untransformation, Renounce Religion, Recall Ancestor, Ancestor
Identity, Transference, Idealise


You were on level 4 of the Shoals.
You worshipped Hepliaklqana.
Hepliaklqana was exalted by your worship.
You were a hulking beast.
You visited 5 branches of the dungeon, and saw 27 of its levels.
You visited the Abyss 1 time.
You also visited: Ice Cave.

You collected 2613 gold pieces.
You spent 1823 gold pieces at shops.

Inventory:

Hand Weapons
 a - a +2 orcbow of draining (weapon)
 b - a +0 orcbow of flaming
 r - a +0 arbalest of electrocution
 y - a +0 arbalest
Armour
 n - a +0 troll leather armour
 w - +0 acid dragon scales (worn)
 U - a +2 cloak
Jewellery
 p - an amulet of guardian spirit (around neck)
 D - the ring "Lunn" (left hand) {Will+ rCorr Int+2 Slay+4}
   (You bought it in a shop on level 3 of the Shoals)

   [ring of slaying]

   Int+2:     It affects your intelligence (+2).
   Slay+4:    It affects your accuracy & damage with ranged weapons and melee
   (+4).
   Will+:     It increases your willpower.
   rCorr:     It protects you from acid and corrosion.
 E - a ring of wizardry
 G - a ring of flight (right hand)
 J - a ring of wizardry
 K - the ring of Tomorrow {Ice rN+ Str+4}
   (You found it in an ice cave)

   [ring of ice]

   Ice:       It enhances your ice magic.
   Str+4:     It affects your strength (+4).
   rF-:       It makes you vulnerable to fire.
   rC+:       It protects you from cold.
   rN+:       It protects you from negative energy.
 N - a +6 ring of dexterity
 O - the ring "Qijamuth" {rElec rC- rN+ AC+4 SInv}
   (You acquired it on level 8 of the Dungeon)

   [ring of protection]

   AC+4:      It affects your AC (+4).
   rC-:       It makes you vulnerable to cold.
   rElec:     It insulates you from electricity.
   rN+:       It protects you from negative energy.
   SInv:      It lets you see invisible.
 P - a ring of resist corrosion
 Q - the ring of Lugonu's Envy {Ice Fly rElec Int+2 Slay-2}
   (You found it in an ice cave)

   [ring of ice]

   Ice:       It enhances your ice magic.
   Int+2:     It affects your intelligence (+2).
   Slay-2:    It affects your accuracy & damage with ranged weapons and melee
   (-2).
   rF-:       It makes you vulnerable to fire.
   rC+:       It protects you from cold.
   rElec:     It insulates you from electricity.
   Fly:       It grants you flight.
 T - the ring "Vuet Hio" {Will+ Int+3}
   (You found it on level 5 of the Lair of Beasts)

   [ring of willpower]

   Int+3:     It affects your intelligence (+3).
   Will+:     It increases your willpower.
Talismans
 u - a beast talisman (active)
Wands
 g - a wand of digging (13)
 h - a wand of roots (1)
 A - a wand of charming (24)
 R - a wand of light (3)
Scrolls
 c - 3 scrolls of fog
 d - 8 scrolls of teleportation
 e - 2 scrolls of fear
 l - 3 scrolls of immolation
 v - a scroll of enchant weapon
 z - 4 scrolls of revelation
 C - 2 scrolls of butterflies
 F - 2 scrolls of poison
 H - 2 scrolls of blinking
 W - a scroll of silence
Potions
 f - 3 potions of haste
 i - 2 potions of magic
 j - 6 potions of enlightenment
 k - 5 potions of brilliance
 m - 2 potions of ambrosia
 o - 2 potions of resistance
 q - 2 potions of invisibility
 s - 3 potions of lignification
 t - 19 potions of curing
 B - 3 potions of cancellation
 V - 5 potions of heal wounds
 X - a potion of berserk rage
Miscellaneous
 x - a lightning rod (4/4)
 Y - a box of beasts
 Z - a phial of floods


   Skills:
 + Level 9.5 Fighting
 - Level 4.3 Short Blades
 * Level 14.2 Ranged Weapons
 - Level 4.3 Armour
 + Level 14.1 Dodging
 + Level 7.8 Stealth
 + Level 10.2 Spellcasting
 + Level 12.9 Hexes
 + Level 6.8 Translocations
 - Level 2.0 Fire Magic
 - Level 5.5 Air Magic
 + Level 10.2 Invocations
 + Level 13.7 Evocations
 - Level 7.0 Shapeshifting


You had 23 spell levels left.
You knew the following spells:

 Your Spells              Type           Power      Damage    Failure   Level
a - Apportation           Tloc           74%        N/A       1%          1
b - Sigil of Binding      Hex            58%        N/A       1%          3
c - Inner Flame           Hex/Fire       40%        N/A       1%          3
e - Silence               Hex/Air        23%        N/A       7%          5

Your spell library contained the following spells:

 Spells                   Type           Power      Damage    Failure   Level
 Slow                     Hex            100%       N/A       1%          1
 Ensorcelled Hibernation  Hex/Ice        72%        N/A       1%          2
 Jinxbite                 Hex            100%       N/A       1%          2
 Confusing Touch          Hex            58%        N/A       1%          3
 Dazzling Flash           Conj/Hex       72%        N/A       2%          3
 Mercury Vapours          Alch/Air       42%        N/A       5%          2
 Static Discharge         Conj/Air       42%        3-5/arc   5%          2
 Passage of Golubria      Tloc           37%        N/A       7%          4
 Scorch                   Fire           36%        2d6       8%          2
 Anguish                  Hex/Necr       18%        N/A       8%          4
 Necrotise                Necr           40%        1d6       12%         1
 Sting                    Conj/Alch      40%        1d5       12%         1
 Airstrike                Air            16%        2d(3-19)  12%         4
 Mephitic Cloud           Conj/Alch/Air  17%        N/A       16%         3
 Fugue of the Fallen      Necr           10%        N/A       34%         3
 Vampiric Draining        Necr           10%        2d6       34%         3
 Summon Lightning Spire   Summ/Air       21%        N/A       36%         4
 Flame Wave               Conj/Fire      14%        2d6       58%         4
 Sticky Flame             Fire/Alch      14%        2d5       58%         4
 Summon Blazeheart Golem  Fire/Summ      14%        N/A       58%         4
 Animate Dead             Necr           10%        N/A       75%         4
 Martyr's Knell           Necr/Summ      10%        N/A       75%         4
 Olgreb's Toxic Radiance  Alch           10%        N/A       75%         4
 Freezing Cloud           Conj/Ice/Air   8%         6-21      83%         5
 Alistair's Intoxication  Alch           6%         N/A       97%         5
 Borgnjor's Vile Clutch   Necr/Erth      5%         N/A       97%         5
 Curse of Agony           Necr           10%        N/A       97%         5
 Death Channel            Necr           5%         N/A       100%        6
 Sculpt Simulacrum        Ice/Alch       5%         N/A       100%        6
 Summon Cactus Giant      Summ           5%         N/A       100%        6
 Orb of Destruction       Conj           5%         9d5       100%        7
 Ozocubu's Refrigeration  Ice            5%         4d8       100%        7
 Spellforged Servitor     Conj/Summ      5%         N/A       100%        7
 Summon Hydra             Summ           5%         N/A       100%        7
 Disjunction              Tloc           18%        N/A       100%        8
 Ignition                 Fire           9%         3d5       100%        8


Dungeon Overview and Level Annotations

Branches:
Dungeon (15/15)            Temple (1/1) D:7            Lair (5/5) D:9
 Shoals (4/4) Lair:3       Spider (0/4) Lair:2        Slime (0/5) Lair:5
    Orc (2/2) D:12            Elf (0/3) Orc:2        Vaults (0/5) D:14
 Depths (0/4) D:15          IceCv (visited)

Altars:
Ashenzari
Cheibriados
Dithmenos
Elyvilon
Fedhas
Gozag
Hepliaklqana
Kikubaaqudgha
Makhleb
Nemelex Xobeh
Okawaru
Qazlal
Ru
Sif Muna
Trog
Uskayaw
Vehumet
Wu Jian
Xom
Yredelemnul
Zin
The Shining One
Jiyva

Shops:
D:3 :   Orc:1 !   Orc:2 =[*(   Shoals:3 *

Annotations:
D:5 exclusion: jelly
Lair:3 2 transporters, MacCMillion's ghost, journeyman MiFi
Lair:5 exclusion: obsidian statue


Innate Abilities, Weirdness & Mutations

You are a hulking beast.
Your limbs bulge with bestial killing power. (Slay +4)
Your life essence is reduced to manifest your ancestor. (-10% HP)
You are very small and have problems with some larger weapons.
You are too small for most types of armour.
You have supernaturally acute eyesight. (SInv)
You cover ground extremely quickly. (Speed+++)


Message History

Your sea snake's attack snaps the merfolk out of its fear.
Fire: a) +2 orcbow (drain)
Press: ? - help, Q - select action, (/) - cycle Shift-Dir - straight line, f/p - merfolk siren
Aim: a merfolk siren, wielding a +0 spear (flame, severely wounded, inner flame, 70% to hit)
You shoot an arrow. The arrow hits the merfolk siren!
The merfolk siren explodes!
You are engulfed in a cloud of scalding steam.
You hear a shout!
The plant is engulfed in a cloud of scalding steam.
The wind drake bites something.
Your sea snake barely misses the merfolk.
You hear a bellow!
Unknown command.
Unknown command.
Aiming: Charm
Press: ? - help, Shift-Dir - straight line, f - manticore
Aim: a manticore (haloed, chance to affect: 60%)
The manticore resists with significant effort.
You are engulfed in a cloud of scalding steam.
* * * LOW HITPOINT WARNING * * *
A nearby plant withers and dies.
The plant is engulfed in a cloud of scalding steam.
The wind drake bites something.
Cornered, the wind drake turns to fight!
The merfolk javelineer throws a silver javelin.
The silver javelin pierces through you!
* * * LOW HITPOINT WARNING * * *
x2 A cherub comes into view.
It is wielding a +2 falchion of flaming.
You feel much better.
The plant is engulfed in a cloud of scalding steam.
A nearby plant withers and dies.
Tepiltzin hits the water elemental with a +0 broad axe of flaming.
Tepiltzin burns the water elemental.
The merfolk javelineer throws a silver javelin.
The silver javelin pierces through you!
* * * LOW HITPOINT WARNING * * *
x2 The manticore flicks its tail.
The volley of spikes skewers you!!
The barbed spikes become lodged in your body.
You die...

m.$...#A#.P...P
.k....P........P
.....S.H...PP...
.....)m○.§§§..P.
....†°(..☼RE.P..
...§§§☼..§§§.P.P
..m§°.§§§§.....
#.§.h§..#
##...§.##
#######


You could see the friendly Tepiltzin the knight, a merfolk impaler, a cherub, a
merfolk javelineer, a wind drake (repels missiles), a merfolk (ally target), a
manticore, a water elemental (ally target) and a friendly sea snake (charmed).

Vanquished Creatures
  An azure jelly (IceCv)
  2 quicksilver oozes (IceCv)
  2 dire elephants (Lair:5)
  A blizzard demon (Abyss:3)
  2 merfolk impalers
  A rakshasa (D:15)
  A great orb of eyes (D:15)
  4 vault guards (D:14)
  A catoblepas (Lair:5)
  4 ogre magi (Orc:2)
  10 two-headed ogres (Orc:2)
  A merfolk avatar (Shoals:3)
  3 boulder beetles
  2 merfolk aquamancers (Shoals:1)
  4 centaur warriors
  A satyr (Shoals:2)
  A two-headed ogre (shapeshifter) (D:15)
  9 death yaks
  A tengu warrior (D:13)
  An occultist (D:15)
  A thrashing horror (Abyss:2)
  2 orc high priests (Orc:1)
  3 skysharks
  A wretched star (Abyss:2)
  A spectral anaconda (Lair:5)
  14 sea snakes
  2 orc knights
  A harpy (shapeshifter) (D:9)
  5 necromancers
  6 harpies
  11 ugly things
  6 cyclopes
  An orc sorcerer (Orc:2)
  6 fauns (Shoals:2)
  5 manticores
  A kobold blastminer (Orc:2)
  13 elephants
  8 merfolk sirens
  10 slime creatures
  5 black mambas
  A meliai (Lair:2)
  An ice statue (IceCv)
  A gargoyle (D:9)
  2 smoke demons
  13 cane toads
  10 komodo dragons
  3 large abominations (Abyss:2)
  A freezing wraith (D:9)
  11 merfolk
  3 polar bears
  2 wind drakes
  A troll (Orc:1)
  8 blink frogs
  4 snapping turtles
  4 yaks
  6 basilisks
  2 wyverns
  4 hogs (Lair:5)
  2 vampires
  5 wargs
  2 vampire mosquitoes
  A steam dragon (D:10)
  A spectral cane toad (Lair:5)
  2 chaos spawn (Abyss:2)
  6 water moccasins
  4 acid dragons
  An elephant zombie (Lair:5)
  10 orc warriors
  24 ogres
  13 wolves
  A laughing skull (Abyss:2)
  4 black bears
  7 centaurs
  4 slime creature simulacra (IceCv)
  A kobold brigand (D:4)
  A phantom (D:4)
  A weeping skull (Abyss:2)
  9 bullfrogs
  4 glowing shapeshifter simulacra (IceCv)
  A gnoll sergeant (D:10)
  A cane toad simulacrum (Lair:5)
  4 wights (D:6)
  An elephant simulacrum (Lair:5)
  9 killer bees
  An electric eel (D:7)
  3 howler monkeys
  2 quasits (D:7)
  7 jellies
  2 hounds
  7 orc priests
  2 gnoll boudas
  An iron imp (Abyss:2)
  Natasha (D:4)
  12 orc wizards
  A shapeshifter simulacrum (IceCv)
  A boggart simulacrum (D:14)
  Robin (D:2)
  16 gnolls
  8 adders
  A shadow imp (D:7)
  2 white imps
  2 dart slugs
  38 orcs
  12 ball pythons
  3 bats
  3 endoplasms
  22 goblins
  9 hobgoblins
  3 jackals
  A quokka (D:1)
  4 frilled lizards
  14 kobolds
  8 rats
537 creatures vanquished.

Vanquished Creatures (collateral kills)
  A lich (Abyss:3)
  A tentacled starspawn (Abyss:3)
  Louise (Shoals:3)
  A lorocyproca (Abyss:2)
  A dire elephant (Lair:5)
  A merfolk javelineer (Shoals:2)
  A merfolk impaler (Shoals:1)
  A hydra (Lair:5)
  A centaur warrior (D:13)
  2 catoblepae
  2 merfolk aquamancers
  3 two-headed ogres (Orc:2)
  A tengu warrior (D:13)
  A death yak (Lair:4)
  A wretched star (Abyss:3)
  4 skysharks
  4 sea snakes
  2 harpies (Shoals:1)
  Maurice (Orc:2)
  A faun (Shoals:2)
  8 ugly things
  3 manticores
  2 large abominations (Abyss:3)
  6 elephants
  2 merfolk sirens (Shoals:2)
  A black mamba (Lair:2)
  2 water nymphs
  A kobold blastminer (Orc:2)
  3 cane toads
  4 komodo dragons
  A tengu conjurer (D:9)
  A silent spectre (Abyss:2)
  A polar bear (Lair:1)
  5 merfolk
  The ghost of crabbyslav the Slasher, an amateur DrWr (D:5)
  3 trolls
  A wind drake (Shoals:2)
  2 snapping turtles (Shoals:3)
  6 slime creatures
  The ghost of iamserjio the Ruffian, an amateur VSMo (D:7)
  A centaur simulacrum (D:15)
  A vampire (D:11)
  A wraith (D:12)
  A water elemental (Shoals:2)
  A hog (Lair:5)
  5 wyverns
  4 yaks
  A steam dragon (Lair:3)
  4 basilisks
  A chaos spawn (Abyss:2)
  5 vampire mosquitoes
  A death yak simulacrum (Lair:5)
  5 water moccasins
  A great orb of eyes simulacrum (IceCv)
  An ice beast (D:6)
  A black bear (D:8)
  3 orc warriors
  A small abomination (Abyss:2)
  4 wolves
  5 ogres
  3 centaurs
  A bullfrog (Lair:3)
  A kobold brigand (D:10)
  A scorpion (D:9)
  Blork the orc (D:6)
  2 killer bees
  2 howler monkeys
  A hound (D:6)
  A quasit (D:7)
  2 sleepcaps
  An iguana (D:9)
  5 orc wizards
  A shapeshifter simulacrum (IceCv)
  5 gnolls
  A white imp (D:7)
  The ghost of Jannitor the Sneak, a weakling HODe of Beogh (D:5)
  9 orcs
  3 goblins (D:7)
  3 hobgoblins (D:7)
  A frilled lizard (D:9)
  2 kobolds (D:7)
179 creatures vanquished.

Vanquished Creatures (others)
  Kirke (Lair:5)
  An ugly thing (D:15)
  A merfolk (Shoals:2)
  An orc warrior (Orc:2)
  An ogre (Orc:2)
  16 knights
  3 ancestors
  A lurking horror (Abyss:2)
  6 starspawn tentacles (Abyss:3)
31 creatures vanquished.

Grand Total: 747 creatures vanquished

Notes
Turn   | Place    | Note
-------+----------+-------------------------------------------
     0 | D:5      | farilari the Spriggan Delver began the quest for the Orb.
     0 | D:5      | Reached XP level 1. HP: 11/11 MP: 2/2
     3 | D:5      | Noticed Jannitor's ghost (weakling HODe)
     3 | D:5      | Noticed crabbyslav's ghost (amateur DrWr)
    61 | D:6      | Noticed an ogre
   108 | D:6      | Noticed a wight
   184 | D:6      | Noticed a wight
   284 | D:5      | Noticed a black bear
   471 | D:5      | Reached skill level 1 in Evocations
   471 | D:5      | Reached XP level 2. HP: 11/16 MP: 3/3
   682 | D:5      | Reached XP level 3. HP: 5/19 MP: 4/4
   683 | D:5      | Noticed an ogre
   890 | D:2      | Found a hide-covered altar of Uskayaw.
  1140 | D:2      | Noticed Robin
  1227 | D:2      | Reached XP level 4. HP: 23/23 MP: 5/5
  1272 | D:2      | Killed Robin
  2346 | D:2      | Reached XP level 5. HP: 27/28 MP: 4/6
  2430 | D:2      | Reached skill level 1 in Shapeshifting
  3265 | D:3      | Found Waecsoso's Book Shop.
  3382 | D:3      | Found a hazy altar of Hepliaklqana.
  3821 | D:4      | Reached XP level 6. HP: 8/32 MP: 2/7
  3947 | D:4      | Found an ancient bone altar of Kikubaaqudgha.
  4125 | D:3      | Became a worshipper of Hepliaklqana the Forgotten
  4702 | D:3      | Reached skill level 5 in Dodging
  4816 | D:4      | Found a sparkling altar of Nemelex Xobeh.
  4817 | D:4      | Noticed Natasha
  4845 | D:4      | Your ally Natasha died
  5120 | D:5      | Found an opulent altar of Gozag.
  5120 | D:5      | Found an iron altar of Okawaru.
  5122 | D:5      | Found a stormy altar of Qazlal.
  5122 | D:5      | Found a radiant altar of Vehumet.
  5124 | D:5      | Found a glowing silver altar of Zin.
  5124 | D:5      | Found a glowing golden altar of the Shining One.
  5186 | D:5      | Reached XP level 7. HP: 37/37 MP: 8/8
  5320 | D:5      | Reached skill level 1 in Invocations
  5480 | D:6      | Reached * piety under Hepliaklqana
  5668 | D:6      | Noticed Blork the orc
  5669 | D:6      | Got the Reference Book on Singed Snow
  5730 | D:6      | Reached skill level 1 in Ranged Weapons
  6316 | D:6      | Reached skill level 5 in Evocations
  6316 | D:6      | Reached XP level 8. HP: 37/37 MP: 7/10
  6529 | D:6      | Killed Blork the orc
  6696 | D:7      | Found a staircase to the Ecumenical Temple.
  6700 | Temple   | Entered the Ecumenical Temple
  6721 | D:7      | Found a transporter.
  6721 | D:7      | Noticed iamserjio's ghost (amateur VSMo)
  6746 | D:7      | Found a transporter.
  7048 | D:7      | Reached ** piety under Hepliaklqana
  7049 | D:7      | Remembered your ancestor Tepiltzin as a knight
  7106 | D:7      | Identified the +5 flail of Insufficient Pleasure {freeze,
                  | rElec rC- rCorr Int+5}
  8006 | D:7      | Killed iamserjio's ghost
  8007 | D:7      | Reached XP level 9. HP: 41/41 MP: 12/12
  8059 | D:8      | Reached skill level 5 in Shapeshifting
  8302 | D:8      | Noticed a boulder beetle
  8330 | D:9      | Found a staircase to the Lair.
  8356 | D:8      | Reached skill level 5 in Fighting
  8362 | D:8      | Reached skill level 5 in Ranged Weapons
  8422 | D:8      | Killed a boulder beetle
  8491 | D:9      | Noticed a tengu conjurer
  8611 | D:9      | Noticed a komodo dragon
  8614 | D:9      | Killed a komodo dragon
  8668 | D:9      | Reached XP level 10. HP: 45/45 MP: 14/14
  8882 | D:9      | Reached *** piety under Hepliaklqana
  9404 | D:9      | Reached skill level 5 in Invocations
  9460 | D:9      | Noticed a manticore
  9560 | D:9      | Killed a manticore
  9561 | D:9      | Reached skill level 1 in Armour
  9616 | D:9      | Noticed a boulder beetle
  9631 | D:9      | Noticed a purple ugly thing
  9666 | D:9      | Noticed an entropy weaver
  9696 | D:9      | Noticed a harpy
  9705 | D:9      | Killed a harpy
  9740 | D:9      | Killed a purple ugly thing
  9809 | D:9      | Killed a boulder beetle
  9894 | D:9      | Noticed a gargoyle
  9913 | D:9      | Killed a gargoyle
  9914 | D:9      | Reached XP level 11. HP: 50/50 MP: 14/16
  9932 | D:9      | Got the Opusculum on Frigid Arson
  9954 | D:9      | Learned a level 3 spell: Inner Flame
 10061 | D:8      | Noticed a centaur warrior
 10184 | D:8      | Killed a centaur warrior
 10185 | D:8      | Reached skill level 1 in Hexes
 10394 | D:8      | Identified the staff of the Pyrrhic Victory {rElec rN+
                  | Will+ Str-3 Air}
 10566 | D:8      | Identified a scroll of acquirement
 10567 | D:8      | Acquired the ring "Qijamuth" {rElec rC- rN+ AC+4 SInv}
 10668 | D:10     | Entered Level 10 of the Dungeon
 10699 | D:10     | Reached skill level 1 in Spellcasting
 10808 | D:10     | Found a broken altar of Ashenzari.
 11261 | D:11     | Reached **** piety under Hepliaklqana
 11319 | D:11     | Reached skill level 1 in Fire Magic
 11797 | D:12     | Found a white marble altar of Elyvilon.
 12101 | D:12     | Found a staircase to the Orcish Mines.
 12201 | D:12     | Reached ***** piety under Hepliaklqana
 12703 | Orc:1    | Entered Level 1 of the Orcish Mines
 12789 | Orc:1    | Found Qoront's Distillery.
 12800 | Orc:1    | Noticed an orc knight
 12887 | D:12     | Killed an orc knight
 12943 | Orc:1    | Bought a potion of curing for 48 gold pieces
 12943 | Orc:1    | Bought a potion of heal wounds for 80 gold pieces
 12943 | Orc:1    | Bought a potion of magic for 128 gold pieces
 12943 | Orc:1    | Bought a potion of might for 64 gold pieces
 12992 | Orc:1    | Noticed an orc high priest
 13004 | Orc:1    | Noticed a soul eater
 13175 | Orc:1    | Noticed a soul eater
 13381 | Orc:1    | Noticed a soul eater
 13388 | Orc:1    | Killed an orc high priest
 13522 | Orc:2    | Entered Level 2 of the Orcish Mines
 13525 | Orc:2    | Noticed Maurice
 13541 | Orc:2    | Killed Maurice
 13542 | Orc:2    | Reached skill level 10 in Dodging
 13594 | Orc:2    | Learned a level 5 spell: Silence
 13604 | Orc:2    | Noticed an orc sorcerer
 13606 | Orc:2    | Noticed an orc knight
 13630 | Orc:2    | Killed an orc sorcerer
 13631 | Orc:2    | Reached skill level 5 in Hexes
 13642 | Orc:2    | Killed an orc knight
 13643 | Orc:2    | Reached XP level 12. HP: 55/55 MP: 16/18
 13756 | Orc:1    | Noticed an orc high priest
 13765 | Orc:1    | Killed an orc high priest
 13766 | Orc:1    | Reached skill level 1 in Air Magic
 13994 | Orc:2    | Noticed a two-headed ogre
 13995 | Orc:2    | Noticed a two-headed ogre
 13996 | Orc:2    | Noticed an ogre mage
 14035 | Orc:2    | Killed an ogre mage
 14035 | Orc:2    | Noticed a two-headed ogre
 14046 | Orc:2    | Killed a two-headed ogre
 14058 | Orc:2    | Killed a two-headed ogre
 14088 | Orc:2    | Noticed a two-headed ogre
 14090 | Orc:2    | Noticed a two-headed ogre
 14100 | Orc:2    | Killed a two-headed ogre
 14106 | Orc:2    | Killed a two-headed ogre
 14135 | Orc:2    | Noticed a two-headed ogre
 14174 | Orc:2    | Killed a two-headed ogre
 14175 | Orc:2    | Reached skill level 10 in Evocations
 14178 | Orc:2    | Killed a two-headed ogre
 14281 | Orc:2    | Noticed a two-headed ogre
 14292 | Orc:2    | Killed a two-headed ogre
 14293 | Orc:2    | Reached skill level 5 in Spellcasting
 14293 | Orc:2    | Noticed a two-headed ogre
 14297 | Orc:2    | Killed a two-headed ogre
 14298 | Orc:2    | Noticed a two-headed ogre
 14299 | Orc:2    | Noticed an ogre mage
 14319 | Orc:2    | Killed a two-headed ogre
 14320 | Orc:2    | Reached skill level 10 in Ranged Weapons
 14320 | Orc:2    | Killed an ogre mage
 14321 | Orc:2    | Noticed a two-headed ogre
 14326 | Orc:2    | Killed a two-headed ogre
 14332 | Orc:2    | Noticed a two-headed ogre
 14344 | Orc:2    | Killed a two-headed ogre
 14368 | Orc:2    | Found Rutoc's General Store.
 14368 | Orc:2    | Found Zocoul's Weapon Boutique.
 14368 | Orc:2    | Noticed a two-headed ogre
 14369 | Orc:2    | Found Butaz's Jewellery Shop.
 14369 | Orc:2    | Found Inil's Armour Shoppe.
 14373 | Orc:2    | Noticed an ogre mage
 14375 | Orc:2    | Killed a two-headed ogre
 14376 | Orc:2    | Reached XP level 13. HP: 60/60 MP: 22/22
 14586 | Orc:2    | Found a staircase to the Elven Halls.
 14757 | Lair:1   | Entered Level 1 of the Lair of Beasts
 15386 | Lair:2   | Found a hole to the Spider Nest.
 15850 | Lair:2   | Learned a level 3 spell: Sigil of Binding
 16467 | Lair:3   | Found a staircase to the Shoals.
 16630 | Lair:3   | Found a transporter.
 16632 | Lair:3   | Found the +0 pair of fencer's gloves {Riposte Dex+3}
 16635 | Lair:3   | Noticed MacCMillion's ghost (journeyman MiFi)
 16662 | Lair:3   | Found a transporter.
 17607 | Lair:4   | Reached XP level 14. HP: 65/65 MP: 25/25
 17865 | Lair:5   | Entered Level 5 of the Lair of Beasts
 17940 | Lair:5   | Found a viscous altar of Jiyva.
 17942 | Lair:5   | Found a frozen archway.
 17951 | IceCv    | Entered an ice cave
 18292 | IceCv    | Reached skill level 10 in Hexes
 18442 | IceCv    | Noticed a quicksilver ooze
 18447 | IceCv    | Killed a quicksilver ooze
 18480 | IceCv    | Found a viscous altar of Jiyva.
 18480 | IceCv    | Noticed an azure jelly
 18488 | IceCv    | Killed an azure jelly
 18511 | IceCv    | Noticed a quicksilver ooze
 18542 | IceCv    | Killed a quicksilver ooze
 18562 | IceCv    | Got the ring of Tomorrow {Ice rN+ Str+4}
 18564 | IceCv    | Got the ring of Lugonu's Envy {Ice Fly rElec Int+2 Slay-2}
 18695 | Lair:5   | Noticed Kirke
 19328 | Lair:5   | Reached skill level 5 in Air Magic
 19393 | Lair:5   | Identified the ring "Vuet Hio" {Will+ Int+3}
 19609 | Lair:5   | Killed Kirke
 19708 | Lair:5   | Found a staircase to the Slime Pits.
 20411 | Lair:5   | Got an earthy gem with 105 turns to spare
 20411 | Lair:5   | Got the Discourse on the Supportive Wayfarer
 20542 | Lair:5   | Reached XP level 15. HP: 70/70 MP: 28/28
 20559 | Lair:5   | Lost the earthy gem through the power of Zot.
 20990 | D:5      | Killed Jannitor's ghost
 20995 | D:5      | Killed crabbyslav's ghost
 21007 | D:5      | Learned a level 1 spell: Apportation
 21442 | D:13     | Reached skill level 1 in Translocations
 22000 | D:14     | Found a gate to the Vaults.
 22533 | D:15     | Entered Level 15 of the Dungeon
 22644 | D:15     | Found an ancient bone altar of Kikubaaqudgha.
 23144 | D:15     | Found a staircase to the Depths.
 23442 | Shoals:1 | Entered Level 1 of the Shoals
 24435 | Shoals:1 | Reached XP level 16. HP: 75/75 MP: 30/30
 24555 | Shoals:1 | Reached skill level 5 in Translocations
 26816 | Shoals:3 | Reached skill level 10 in Invocations
 27062 | Shoals:3 | Noticed Louise
 27063 | Abyss:2  | Reached ****** piety under Hepliaklqana
 27063 | Abyss:2  | Cast into level 2 of the Abyss (Louise)
 27070 | Abyss:2  | Found an ornate altar of the Wu Jian Council.
 27814 | Abyss:2  | Found a corrupted altar of Lugonu.
 27913 | Abyss:2  | Found a corrupted altar of Lugonu.
 27974 | Abyss:3  | Noticed a lich
 27990 | Abyss:3  | Killed a lich
 27991 | Abyss:3  | Reached skill level 10 in Spellcasting
 27994 | Abyss:3  | Noticed a tentacled starspawn
 28027 | Abyss:3  | Killed a tentacled starspawn
 28032 | Shoals:3 | Escaped the Abyss
 28049 | Shoals:3 | Killed Louise
 28189 | Shoals:3 | Found Unaeh's General Store.
 28200 | Shoals:3 | Bought the ring "Lunn" {Will+ rCorr Int+2 Slay+4} for 1503
                  | gold pieces
 28908 | Shoals:4 | Entered Level 4 of the Shoals
 28926 | Shoals:4 | Killed from afar by a manticore

Illustrated notes

Levels and vault maps discovered:
D:1:      reono_arrival_mine, layout_loops_ring, chequers_decorated_corner
D:2:      layout_loops_ring, basic_altar, serial_aquarium,
          aquarium_bridge_straight [aquarium_subvault_bridge,
          aquarium_subvault_wall, aquarium_subvault_bridge,
          aquarium_subvault_balcony], aquarium_window_1, aquarium_window_2,
          aquarium_view_2e, aquarium_balcony_3b, minmay_tree_intersection,
          kennysheep_flooded_box, uniq_robin
D:3:      layout_basic, old_standard_altar, serial_shops, shop, st_stairs_11
D:4:      layout_loops_cross, nemelex_xobeh_ov_fountains_minmay,
          mainiacjoe_overflow_small_starburst, uniq_natasha
D:5:      layout_basic, grunt_temple_overflow_open, gammafunk_ghost_cemetery
D:6:      layout_loops_ring, serial_rivers, chequers_serial_rivers_micro_e,
          chequers_serial_rivers_micro_d, chequers_serial_rivers_micro_b,
          chequers_serial_rivers_micro_a, chequers_serial_rivers_large_a,
          chequers_serial_rivers_small_3, uniq_blork_the_orc
D:7:      corexii_shantytown, layout_cave_pools, temple_hall_moat,
          gammafunk_ghost_stat_death, kennysheep_minor_cross
D:8:      layout_rooms, minmay_diamond_spiral
D:9:      minmay_the_grid_octo_triangle [minmay_the_grid_octo_77,
          minmay_the_grid_octo_prize_ultimate_mussel_roller,
          minmay_the_grid_octo_empty], layout_loops_cross,
          minmay_lair_entry_grove, minmay_lizard_king
D:10:     layout_roguey, kennysheep_mini
D:11:     layout_loops_ring
D:12:     layout_stronghold, minmay_orc_entry_guard_dogs, elyvilon_altar_5
D:13:     layout_basic
D:14:     layout_basic, lightli_vaults_fourway_checkpoint, minmay_misc_feat_room
D:15:     gammafunk_enter_depths_forms, layout_rooms,
          nicolae_kikubaaqudgha_miasma_corner
Temple:   nicolae_temple_bog_church
Lair:1:   layout_misc_corridors
Lair:2:   layout_hall_layers, hellmonk_spider_entry_not_the_bees
Lair:3:   layout_chaotic_city, shoals_dummy_entry,
          gammafunk_ghost_berserking_beasts, st_stairs_3
Lair:4:   layout_roguey
Lair:5:   due_jungle_book, layout_gridlike, minmay_slime_entry_pillars,
          portal_ice_cave_entry_pillars_1, nicolae_lair_lil_pond,
          serial_bayou_shore_a, uniq_kirke
Shoals:1: cheibrodos_shoals_three_sisters, layout_shoals
Shoals:2: layout_shoals
Shoals:3: layout_shoals, serial_shops, shop, uniq_louise
Shoals:4: shoals_end_hellmonk_holy_island
Orc:1:    layout_diamond_mine, serial_shops, shop, nicolae_orc_lost_temple
Orc:2:    st_orc_ogre_mass, layout_diamond_mine, uniq_maurice

Skill      XL: |  1  2  3  4  5  6  7  8  9 10 11 12 13 14 15 16 |
---------------+-------------------------------------------------+-----
Dodging        | 3 4 5 7 8 9 10 11 12 13 14 | 14.1
Evocations     | 1 2 3 4 5 6 7 8 9 10 11 12 13 | 13.7
Short Blades   | 3 4 |  4.3
Fighting       | 3 4 5 6 7 8 9 |  9.5
Shapeshifting  | 2 3 4 6 7 |  7.0
Invocations    | 1 3 4 5 6 7 8 9 10 | 10.2
Ranged Weapons | 2 4 6 7 9 10 11 12 13 14 | 14.2
Armour         | 2 3 4 |  4.3
Hexes          | 5 7 9 11 12 | 12.9
Spellcasting   | 3 5 6 8 9 10 | 10.2
Fire Magic     | 2 |  2.0
Air Magic      | 2 4 5 |  5.5
Translocations | 4 6 |  6.8
Stealth        | |  7.8

Action                     |  1- 3 |  4- 6 |  7- 9 | 10-12 | 13-15 | 16-18 || total
---------------------------+-------+-------+-------+-------+-------+-------++-------
  Melee: Short sword       |    86 |   329 |    10 |       |       |       ||   425
         Punch             |     1 |     3 |       |       |       |       ||     4
   Fire: Orcbow            |       |       |   258 |   567 |  1051 |   346 ||  2222
         Arbalest          |       |       |       |       |   153 |       ||   153
  Throw: Dart              |       |     7 |     5 |       |       |       ||    12
   Cast: Inner Flame       |       |       |       |       |    22 |    49 ||    71
         Apportation       |       |       |       |       |       |     5 ||     5
 Invoke: Recall Ancestor   |       |       |    16 |    24 |    54 |    17 ||   111
         Ancestor Identity |       |       |     1 |       |       |       ||     1
         Ancestor Life: Kn |       |       |     1 |       |       |       ||     1
         Transference      |       |       |       |       |     2 |       ||     2
         Idealise          |       |       |       |       |     4 |     2 ||     6
  Evoke: Wand              |     3 |     5 |     3 |     4 |     5 |    10 ||    30
         Lightning rod     |       |       |       |     2 |       |       ||     2
         Box of beasts     |       |       |       |     1 |       |       ||     1
    Use: Scroll            |       |     5 |     3 |     4 |    11 |     7 ||    30
         Potion            |       |       |       |       |       |     3 ||     3
   Stab: Sleeping          |     4 |    20 |       |       |       |       ||    24
         Betrayed ally     |       |     1 |       |       |       |       ||     1
 Armour: Robe              |    19 |     8 |       |       |       |       ||    27
         Animal skin       |       |    68 |    28 |    35 |    56 |       ||   187
         Acid dragon scale |       |       |       |       |    59 |    52 ||   111
         Troll leather arm |       |       |       |       |       |    16 ||    16
  Dodge: Dodged            |    75 |   210 |    84 |   107 |   343 |   101 ||   920
   Form: Beast             |       |     1 |       |       |       |       ||     1

Table legend: (Time is in decaauts)
 A = Elapsed time spent in this place.
 B = Non-inter-level travel time spent in this place.
 C = Inter-level travel time spent in this place.
 D = Time resting spent in this place.
 E = Time spent auto-exploring this place.
 F = Levels seen in this place.
 G = Mean time per level.
                   A        B        C        D        E       F      G
               +--------+--------+--------+--------+--------+-----+--------+
         Total |  21547 |  20248 |   1299 |   3182 |  10886 |  30 |  718.2 |
       Dungeon |  11393 |  10492 |    901 |   1381 |   6057 |  15 |  759.5 |
        Temple |      1 |      1 |      0 |      0 |      0 |   1 |    1.0 |
          Lair |   4468 |   4165 |    303 |    872 |   1999 |   5 |  893.6 |
        Shoals |   3152 |   3095 |     57 |    209 |   2220 |   4 |  788.0 |
  Orcish Mines |   1160 |   1123 |     37 |     54 |    506 |   2 |  580.0 |
         Abyss |    795 |    795 |      0 |    436 |      0 |   2 |  397.5 |
      Ice Cave |    575 |    575 |      0 |    228 |    102 |   1 |  575.0 |
               +--------+--------+--------+--------+--------+-----+--------+

Top non-repeatable levels by time:
Shoals:2: 1499 daAuts
     D:9: 1332 daAuts
  Lair:5: 1268 daAuts
     D:7: 1132 daAuts
    D:12: 1127 daAuts
  Lair:3: 1109 daAuts
     D:2: 1087 daAuts
     D:6: 1069 daAuts
  Lair:4: 917 daAuts
Shoals:1: 864 daAuts
     D:8: 805 daAuts
Shoals:3: 771 daAuts
 Abyss:2: 715 daAuts
   Orc:2: 710 daAuts
     D:4: 710 daAuts
